 Dungeon Crawl Stone Soup version 0.24.1 (webtiles) character file.

Game seed: 7764236170403398723, levelgen mode: deterministic

12084 praxLeonis the Archer (level 11, -1/95 HPs)
             Began as a Centaur Hunter on Mar 27, 2020.
             Was a High Priest of Okawaru.
             Slain by a meliai zombie (3 damage)
             ... on level 12 of the Dungeon on Mar 30, 2020.
             The game lasted 01:23:11 (19023 turns).

praxLeonis the Archer (Centaur Hunter)             Turns: 19023, Time: 01:23:12

Health: -1/95      AC: 20    Str: 17    XL:     11   Next: 57%
Magic:  16/16      EV:  5    Int: 10    God:    Okawaru [*****.]
Gold:   488        SH:  0    Dex: 11    Spells: 10/10 levels left

rFire    . . .     SeeInvis .   b - +2 morningstar (protect)
rCold    . . .     Gourm    .   (no shield)
rNeg     . . .     Faith    .   J - +0 plate armour
rPois    .         Spirit   .   A - +0 helmet
rElec    .         Reflect  .   O - +0 cloak
rCorr    .         Harm     .   (no gloves)
MR       .....                  (no barding)
Stlth    ..........             (no amulet)
HPRegen  0.25/turn              (no ring)
MPRegen  0.15/turn              (no ring)

@: protection aura, very quick
A: large, hooves 3, deformed body, speed 2, tough skin 3
a: Heroism, Finesse, Renounce Religion


You were on level 12 of the Dungeon.
You worshipped Okawaru.
Okawaru was extremely pleased with you.
You were not hungry.

You visited 2 branches of the dungeon, and saw 13 of its levels.

You collected 728 gold pieces.
You spent 240 gold pieces at shops.

Inventory:

Hand Weapons
 a - a +1 shortbow
 b - a +2 morningstar of protection (weapon)
 M - a +3 halberd of freezing
Missiles
 r - 16 poisoned darts (quivered)
 G - 40 arrows
 N - 5 silver javelins
 P - 4 boomerangs
Armour
 A - a +0 helmet (worn)
 J - a +0 plate armour (worn)
 O - a +0 cloak (worn)
Wands
 q - a wand of digging (3)
 s - a wand of enslavement (16)
 u - a wand of random effects (13)
 x - a wand of iceblast (12)
 K - a wand of flame (35)
Scrolls
 c - 4 scrolls of fear
 d - a scroll of acquirement {unknown}
 e - a scroll of magic mapping
 g - a scroll of teleportation {unknown}
 l - 3 scrolls of fog
 m - 4 scrolls of remove curse
 n - 2 scrolls of blinking
 p - 2 scrolls of immolation {unknown}
 y - a scroll of noise {unknown}
 z - 2 scrolls of amnesia {unknown}
 B - a scroll of enchant armour {unknown}
 E - a scroll of brand weapon {unknown}
 H - 2 scrolls of enchant weapon {unknown}
 I - a scroll of torment {unknown}
Potions
 h - a potion of resistance
 i - 5 potions of curing
 j - 2 potions of flight
 k - 3 potions of lignification {unknown}
 o - 3 potions of brilliance
 t - a potion of might {unknown}
 v - a potion of magic {unknown}
 w - a potion of heal wounds
 C - 2 potions of cancellation {unknown}
 D - 3 potions of haste
 F - a potion of agility {unknown}
 L - a potion of mutation {unknown}
Comestibles
 f - 13 rations


   Skills:
 + Level 8.3 Fighting
 - Level 14.1 Bows
 + Level 6.1 Armour
 + Level 6.3 Dodging
 - Level 0.4 Stealth
 + Level 6.9 Invocations


You had 10 spell levels left.
You didn't know any spells.
Your spell library contained the following spells:

 Spells                   Type           Power        Failure   Level  Hunger
 Animate Skeleton         Necr           N/A          100%        1    ##.....
 Confusing Touch          Hex            #.....       100%        1    ##.....
 Pain                     Necr           #...         100%        1    ##.....
 Confuse                  Hex            #.......     100%        3    ####...
 Gell's Gravitas          Tloc           #.........   100%        3    ####...
 Regeneration             Chrm/Necr      #.........   100%        3    ####...
 Vampiric Draining        Necr           #.........   100%        3    ####...
 Animate Dead             Necr           N/A          100%        4    #####..
 Petrify                  Tmut/Erth      #.......     100%        4    #####..
 Metabolic Englaciation   Hex/Ice        #.........   100%        5    ######.
 Yara's Violent Unravell  Hex/Tmut       #.........   100%        5    ######.


Dungeon Overview and Level Annotations

Branches:
Dungeon (12/15)            Temple (1/1) D:4            Lair (0/6) D:8
    Orc (0/2) D:9

Altars:
Ashenzari
Cheibriados
Dithmenos
Elyvilon
Fedhas
Gozag
Hepliaklqana
Kikubaaqudgha
Makhleb
Nemelex Xobeh
Okawaru
Qazlal
Ru
Sif Muna
Trog
Uskayaw
Vehumet
Wu Jian
Xom
Yredelemnul
Zin
The Shining One

Shops:
D:10 !

Portals:
Ice
Cave: D:12


Innate Abilities, Weirdness & Mutations

You have hooves in place of feet.
Armour fits poorly on your strangely shaped body.
You cover ground very quickly.
You have extremely tough skin. (AC +3)


Message History

The centaur warrior zombie is unaffected.
The meliai zombie is unaffected.
An ice dragon comes into view.
A yak and a polar bear come into view.
The polar bear growls angrily.
The ice dragon roars deafeningly!
Your plate armour prevents you from hitting the wolf.
You kick the wolf.
The wolf is lightly wounded.
You hear the faint crackling of a melting archway.
The wolf bites you.
* * * LOW HITPOINT WARNING * * *
The wolf bites you but does no damage. x2
The meliai zombie hits you but does no damage.
The meliai zombie hits you.
* * * LOW HITPOINT WARNING * * *
You puncture the wolf!
Your weapon exudes an aura of protection.
The wolf is severely wounded.
The meliai zombie hits you.
You die...

*****,*********,**
*,,,,,,,,,,,,,,,,,
*****>***,*****,*, *,* *,*****,*,
*** ***,,,,,,, *****#***,,,,,,
######### *,*...******,*,
#....##Z###hY...,* *,,,,,
#....#.#@h..D.∩.,*####.#.
#.....####.#....,*#.##.#. #..Zh##
**#*,,h**#..)...
#######5###*#####***** #.##.#.
***#.........##....### ####.##.#.
*,,..##.##Z###..##...###.##.##.#.
*,*#.#....aZ.............##.##.#.
*,,......≈C5≈≈≈≈...............Z.
*,,....≈≈≈≈≈5≈.≈≈................


You could see an ice dragon, a polar bear, a yak, 2 wolves and a meliai zombie.

Vanquished Creatures
  A centaur warrior (D:11)
  2 two-headed ogres
  The ghost of Tartanist the Cleaver, a novice FoAK of Lugonu (D:7)
  An unseen horror (D:10)
  A centaur zombie (D:11)
  An elephant (D:8)
  A centaur skeleton (D:10)
  2 trolls
  A hornet (D:10)
  4 hippogriffs
  Prince Ribbit (D:7)
  A spriggan (D:7)
  A wyvern (D:7)
  A water elemental (D:12)
  4 yaks
  A basilisk (D:8)
  A hungry ghost (D:11)
  Menkaure (D:4)
  Edmund (D:4)
  An acid dragon (D:11)
  4 wargs (D:9)
  Duvessa (D:4)
  2 water moccasins
  2 orc warriors
  3 sky beasts
  2 black bears
  3 ice beasts
  3 necrophages
  3 ogres
  2 centaurs
  A crocodile (D:7)
  2 big kobolds
  Blork the orc (D:6)
  5 bullfrogs
  Dowan (D:4)
  A wyvern skeleton (D:10)
  2 scorpions
  8 killer bees
  3 wights (D:6)
  2 howler monkeys (D:6)
  3 crimson imps
  A quasit (D:11)
  3 bullfrog zombies
  4 hounds
  A jelly (D:10)
  7 orc wizards
  5 orc priests
  6 iguanas
  11 worker ants
  A hound skeleton (D:11)
  A howler monkey skeleton (D:5)
  7 gnolls
  11 adders
  4 shadow imps
  3 oozes
  2 adder zombies
  2 adder skeletons
  3 worms
  4 dart slugs
  A leopard gecko (D:4)
  23 orcs
  5 giant cockroaches
  5 goblins
  11 hobgoblins
  7 jackals
  3 quokkas
  A ball python (D:3)
  7 bats
  6 frilled lizards
  16 kobolds
  A leopard gecko zombie (D:8)
  A quokka zombie (D:5)
  2 rats
247 creatures vanquished.

Notes
Turn   | Place    | Note
-------+----------+-------------------------------------------
     0 | D:1      | praxLeonis the Centaur Hunter began the quest for the Orb.
     0 | D:1      | Reached XP level 1. HP: 17/17 MP: 1/1
   531 | D:1      | Reached XP level 2. HP: 24/24 MP: 2/2
   591 | D:1      | Reached skill level 6 in Bows
  1025 | D:1      | Reached XP level 3. HP: 29/29 MP: 3/3
  1522 | D:2      | Reached skill level 7 in Bows
  1760 | D:2      | Reached XP level 4. HP: 31/36 MP: 4/4
  2087 | D:2      | Reached skill level 8 in Bows
  2107 | D:2      | Reached XP level 5. HP: 41/41 MP: 5/5
  2577 | D:3      | Found an ancient bone altar of Kikubaaqudgha.
  2655 | D:3      | Reached skill level 9 in Bows
  3503 | D:4      | Found an ornate altar of the Wu Jian Council.
  3646 | D:4      | Found a shattered altar of Ashenzari.
  3653 | D:4      | Noticed Menkaure
  3653 | D:4      | Noticed Duvessa
  3685 | D:4      | Killed Duvessa
  3685 | D:4      | Reached skill level 10 in Bows
  3685 | D:4      | Reached XP level 6. HP: 48/48 MP: 6/6
  3685 | D:4      | Noticed Dowan
  3689 | D:4      | Killed Menkaure
  3751 | D:4      | Killed Dowan
  3864 | D:4      | Reached skill level 11 in Bows
  3864 | D:4      | Reached XP level 7. HP: 34/55 MP: 7/7
  4089 | D:4      | Noticed Edmund
  4150 | D:4      | Killed Edmund
  4503 | D:4      | Reached skill level 12 in Bows
  4621 | D:4      | Found a staircase to the Ecumenical Temple.
  4630 | Temple   | Entered the Ecumenical Temple
  4825 | Temple   | Became a worshipper of Warmaster Okawaru
  4967 | D:4      | Found a shadowy altar of Dithmenos.
  4967 | D:4      | Found a white marble altar of Elyvilon.
  4968 | D:4      | Found a hazy altar of Hepliaklqana.
  5147 | D:5      | Entered Level 5 of the Dungeon
  5284 | D:5      | Found a shimmering altar of Xom.
  5398 | D:5      | Found an opulent altar of Gozag.
  5792 | D:5      | Found a blossoming altar of Fedhas.
  6154 | D:5      | Reached XP level 8. HP: 31/61 MP: 8/8
  6350 | D:6      | Reached skill level 13 in Bows
  6360 | D:6      | Noticed Blork the orc
  6450 | D:6      | Killed Blork the orc
  7164 | D:6      | Reached * piety under Okawaru
  7229 | D:6      | Reached skill level 14 in Bows
  7435 | D:6      | Reached skill level 1 in Invocations
  7476 | D:6      | Reached skill level 1 in Armour
  7615 | D:6      | Found a glowing golden altar of the Shining One.
  8296 | D:7      | Reached XP level 9. HP: 69/69 MP: 8/10
  8397 | D:7      | Reached ** piety under Okawaru
  8685 | D:7      | Noticed Prince Ribbit
  8701 | D:7      | Killed Prince Ribbit
  9383 | D:7      | Found a runed translucent door.
  9384 | D:7      | Noticed Tartanist's ghost (novice FoAK)
  9771 | D:7      | Killed Tartanist's ghost
  9771 | D:7      | Reached *** piety under Okawaru
  9891 | D:8      | Noticed an elephant
 10519 | D:8      | HP: 3/73 [wyvern (3)]
 10566 | D:7      | HP: 3/73 [wyvern (8)]
 10568 | D:7      | Reached skill level 5 in Fighting
 10568 | D:7      | Reached skill level 5 in Invocations
 10952 | D:8      | Reached XP level 10. HP: 53/81 MP: 13/13
 11318 | D:8      | Found a staircase to the Lair.
 11418 | D:8      | Found a stormy altar of Qazlal.
 11558 | D:8      | Found an opulent altar of Gozag.
 11589 | D:8      | Killed an elephant
 11615 | D:8      | Reached **** piety under Okawaru
 11893 | D:8      | Received a gift from Okawaru
 13421 | D:9      | Found a staircase to the Orcish Mines.
 13643 | D:9      | Reached skill level 5 in Dodging
 13786 | D:9      | Found a snail-covered altar of Cheibriados.
 14003 | D:10     | Entered Level 10 of the Dungeon
 15250 | D:10     | Noticed a two-headed ogre
 15268 | D:10     | Reached skill level 5 in Armour
 15309 | D:10     | Killed a two-headed ogre
 15309 | D:10     | Reached ***** piety under Okawaru
 15309 | D:10     | Reached XP level 11. HP: 92/92 MP: 15/15
 15629 | D:10     | Found Xumonwe's Distillery.
 15632 | D:10     | Bought a potion of curing for 45 gold pieces
 15632 | D:10     | Bought a potion of curing for 45 gold pieces
 15632 | D:10     | Bought a potion of haste for 150 gold pieces
 15942 | D:10     | Killed an unseen horror
 16308 | D:10     | Paralysed by a hornet for 2 turns
 16667 | D:11     | Noticed a green ugly thing
 17254 | D:11     | Noticed a centaur warrior
 17274 | D:11     | Killed a centaur warrior
 17274 | D:11     | Received a gift from Okawaru
 17667 | D:11     | Noticed a two-headed ogre
 17700 | D:11     | Killed a two-headed ogre
 18517 | D:11     | Received a gift from Okawaru
 18958 | D:12     | Noticed a two-headed ogre
 19019 | D:12     | Found a frozen archway.
 19020 | D:12     | Noticed an ice dragon
 19022 | D:12     | HP: 1/95 [meliai zombie (5)]
 19023 | D:12     | Slain by a meliai zombie

Levels and vault maps discovered:
D:1:      erik_arrival_cave_to_civilisation [erik_arrival_cave_to_hall],
          layout_basic
D:2:      minmay_chambers_of_ones, layout_basic
D:3:      layout_rooms, overflow_temple_1_default, first_ration
D:4:      layout_basic, nicolae_overflow_crystal_walls, ashenzari_altar_1,
          gammafunk_temple_overflow_claw, minmay_temple_entry_gardened_gates,
          uniq_menkaure, uniq_duvessa, uniq_edmund
D:5:      layout_loops_corners, brannock_xom_greatest_gift,
          fedhas_altar_fruit_tree, grunt_gozag_statues, serial_glass,
          glass_columns_c, glass_columns_a
D:6:      layout_cave_pools, kennysheep_mini_moat, uniq_blork_the_orc
D:7:      hangedman_cross_stitches, layout_loops_ring,
          ebering_ghost_reflecting_pool, hex_tiny, the_bakery,
          uniq_prince_ribbit1
D:8:      layout_loops_cross, david_lair_generic, basic_altar,
          nicolae_qazlal_general_emergency
D:9:      layout_grid_maze, cheibriados_altar_1, minmay_orc_entry_guard_dogs,
          eino_small_chamber_without_monster, minivault_23
D:10:     layout_long_grid, serial_shops, nicolae_shop_stone,
          hangedman_abyss_or_decor_clamps
D:11:     layout_grid_maze
D:12:     layout_basic, serial_ice, serial_ice_b, serial_ice_g, serial_ice_e,
          serial_ice_i, serial_ice_m, serial_ice_f, serial_ice_n, serial_ice_c,
          serial_ice_h, serial_ice_d, portal_ice_cave_entry_animals_and_master,
          basic_altar, uniq_frances, uniq_erolcha
Temple:   minmay_temple_curvy_loop

Skill      XL: |  1  2  3  4  5  6  7  8  9 10 11 |
---------------+----------------------------------+-----
Bows           | 6 7 8 10 11 12 14 | 14.1
Invocations    | 2 5 6 |  6.9
Armour         | 1 3 5 6 |  6.1
Dodging        | 2 3 5 6 |  6.3
Fighting       | 3 5 7 8 |  8.3
Stealth        | |  0.4

Action                   |  1- 3 |  4- 6 |  7- 9 | 10-12 || total
-------------------------+-------+-------+-------+-------++-------
Melee: Short sword       |   105 |    66 |     5 |       ||   176
       Kick              |    16 |    16 |    46 |    43 ||   121
       Flail             |       |       |   107 |       ||   107
       Morningstar       |       |       |    61 |   166 ||   227
 Fire: Shortbow          |    21 |    98 |   324 |   498 ||   941
Throw: Dart              |       |       |    13 |    24 ||    37
Invok: Heroism           |       |       |     2 |     5 ||     7
  Use: Scroll            |     3 |     2 |     6 |     4 ||    15
       Potion            |       |     1 |     1 |     2 ||     4
  Eat: Chunk             |     2 |     5 |     4 |     6 ||    17
       Ration            |       |       |     4 |     7 ||    11
Armor: Leather armour    |    15 |       |       |       ||    15
       Ring mail         |    35 |    19 |       |       ||    54
       Chain mail        |       |       |   128 |    60 ||   188
       Plate armour      |       |       |       |   250 ||   250
Dodge: Dodged            |    61 |    26 |    58 |   105 ||   250
